 Dungeon Crawl Stone Soup version 0.27.1-4-g1640c2035a (webtiles) character file.

Game seed: 8738449210871264308

448 tizbic2 the Twirler (level 7, 0/66 HPs)
             Began as an Ogre Artificer on Nov 14, 2021.
             Was a Priest of Ashenzari.
             Splashed by a jelly's acid (5 damage)
             ... on level 5 of the Dungeon on Nov 15, 2021.
             The game lasted 00:42:20 (6072 turns).

tizbic2 the Twirler (Ogre Artificer)                Turns: 6072, Time: 00:42:21

Health: 0/66       AC: -3    Str: 17    XL:     7   Next: 3%
Magic:  7/7        EV:  7    Int: 13    God:    Ashenzari [***...]
Gold:   185        SH: 14    Dex: 16    Spells: 6/6 levels left

rFire    . . .     SeeInvis +   q - staff of death (curse) {Bglg, Fort}
rCold    . . .     Faith    .   w - +0 tower shield of the Empyrean {Comp, Melee} (curse)
rNeg     + . .     Spirit   .   b - +1 robe "Manifest Mistrust" {Bglg, Evo} (curse)
rPois    .         Reflect  .   (helmet restricted)
rElec    .         Harm     .   (no cloak)
rCorr    .         Rampage  .   (gloves unavailable)
Will     .....     Clarity  +   (boots unavailable)
Stlth    ++........             g - amulet "Sibylline Visionary" {RegenMP, Alch, Evo} (curse)
HPRegen  0.21/turn              x - +6 ring of dexterity
MPRegen  0.35/turn              (no ring)

@: corroded
A: large, unfitting armour, tough skin 1
a: Renounce Religion, Curse Item, Shatter the Chains


You were on level 5 of the Dungeon.
You worshipped Ashenzari.
Ashenzari was most pleased with you.
You visited 1 branch of the dungeon, and saw 5 of its levels.

You collected 185 gold pieces.

Inventory:

Hand Weapons
 f - a +1 flail of protection
Missiles
 l - 55 stones (quivered)
 r - 6 poisoned darts
 t - 7 javelins
 y - 7 boomerangs
 B - a throwing net
Armour
 b - the cursed +1 robe "Manifest Mistrust" (worn) {Bglg, Evo}

   It has a curse which improves the following skills: Beguiling: Conjurations,
   Hexes and Translocations.
   Evocations: Evocations.
 w - the cursed +0 tower shield of the Empyrean (worn) {Comp, Melee}
   (You found it on level 4 of the Dungeon)

   It has a curse which improves the following skills: Companions: Summonings
   and Necromancy.
   Melee Combat: Short Blades, Long Blades, Axes, Maces & Flails, Polearms,
   Staves and Unarmed Combat.
Magical Staves
 k - a staff of earth
 q - a cursed staff of death (weapon) {Bglg, Fort}
Jewellery
 g - the cursed amulet "Sibylline Visionary" (around neck) {RegenMP, Alch, Evo}
   (You found it on level 1 of the Dungeon)

   [amulet of magic regeneration]

   It increases your rate of magic regeneration.
   It has a curse which improves the following skills: Alchemy: Poison Magic and
   Transmutations.
   Evocations: Evocations.
 x - a +6 ring of dexterity (left hand)
Wands
 c - a wand of flame (18)
 d - a wand of charming (23)
 j - a wand of iceblast (7)
 A - a wand of paralysis (4)
Scrolls
 a - a scroll of holy word
 i - 2 scrolls of fog
 m - a scroll of magic mapping
 s - a scroll of amnesia
 u - 2 scrolls of enchant weapon
Potions
 h - 2 potions of berserk rage
 n - a potion of curing
 o - 3 potions of brilliance
 p - a potion of resistance
 v - a potion of flight
 z - 2 potions of heal wounds
Miscellaneous
 e - a piece from Xom's chessboard (15/15)


   Skills:
 - Level 2.7 Fighting
 - Level 0.8(2.8) Maces & Flails
 * Level 3.6(5.4) Staves
 - Level 3.3 Dodging
 - Level 0.6 Stealth
 * Level 2.5(4.1) Shields
 - Level 0.9(2.0) Necromancy
 + Level 3.4(6.0) Evocations


You had 6 spell levels left.
You didn't know any spells.
Your spell library contained the following spells:

 Spells                   Type           Power      Damage    Failure   Level
 Passwall                 Tmut/Erth      0%         N/A       99%         2
 Dazzling Flash           Conj/Hex       2%         N/A       100%        3
 Swiftness                Air            0%         N/A       100%        3
 Iskenderun's Mystic Bla  Conj/Tloc      1%         2d3       100%        4
 Invisibility             Hex            0%         N/A       100%        6
 Starburst                Conj/Fire      0%         6d3       100%        6


Dungeon Overview and Level Annotations

Branches:
Dungeon (5/15)
 Temple: D:4-7

Altars:
Ashenzari
Makhleb

Shops:
D:1 (   D:3 =[


Innate Abilities, Weirdness & Mutations

You are too large for most types of armour.
You have tough skin. (AC +1)


Message History

You barely miss the jelly.
The jelly is heavily wounded.
The jelly hits you but does no damage.
You hit the jelly. The acid corrodes you!
Your hands burn!
The jelly is heavily wounded.
The jelly hits you.
You are splashed with acid.
You block the jelly's attack.
You hit the jelly but do no damage. The acid corrodes you!
Your hands burn!
The jelly is heavily wounded.
You block the jelly's attack.
You hit the jelly but do no damage.
The jelly writhes in agony.
Your hands burn!
The jelly is severely wounded.
You block the jelly's attack.
You hit the jelly but do no damage.
Your hands burn!
The jelly is severely wounded.
The jelly hits you.
You are splashed with acid!
* * * LOW HITPOINT WARNING * * *
You hit the jelly but do no damage.
Your hands burn!
* * * LOW HITPOINT WARNING * * *
The jelly is severely wounded.
You block the jelly's attack. x2
Hit: q) staff of death (curse) {Bglg, Fort}
Press: ? - help, Dir - move target, f - jelly
Aim: a jelly (severely wounded, about 9% to evade your cursed staff of death)
Okay, then.
Aiming: Paralyse
Press: ? - help, Shift-Dir - straight line, f - jelly
Aim: a jelly (severely wounded, chance to affect: 72%)
The jelly suddenly stops moving!
The helpless jelly fails to defend itself.
You hit the jelly. The acid corrodes you!
Your hands burn!
* * * LOW HITPOINT WARNING * * *
The jelly is almost dead.
The helpless jelly fails to defend itself.
You hit the jelly.
The jelly writhes in agony.
Your hands burn!
* * * LOW HITPOINT WARNING * * *
The jelly is almost dead.
The helpless jelly fails to defend itself.
You hit the jelly. The acid corrodes you!
Your hands burn!
You die...

,#.# #.#
,..#####.####
,
,...##.......#
,
....##.##.##.#
......# #.##.#
#......,
*#.##.# ,
..##.# ####.#
* #@# #J# *
#)# * #.# ,
#.# ** #.. *
,, *#.. , ...
,, ,


You could see a jelly (paralysed).

Vanquished Creatures
  A necrophage (D:5)
  2 hounds (D:5)
  A jelly (D:5)
  An orc wizard (D:5)
  A killer bee zombie (D:5)
  11 gnolls
  5 adders
  A white imp (D:5)
  An adder skeleton (D:4)
  3 dart slugs (D:2)
  8 orcs
  4 endoplasms
  2 giant cockroaches (D:2)
  6 hobgoblins
  2 jackals (D:1)
  5 kobolds
  5 quokkas
  2 ball pythons
  A ball python skeleton (D:3)
  4 bats (D:1)
  2 frilled lizards
  2 goblins
  A rat (D:2)
71 creatures vanquished.

Vanquished Creatures (others)
  A fungus (D:1)
  A withered plant (D:1)
2 creatures vanquished.

Grand Total: 73 creatures vanquished

Notes
Turn   | Place    | Note
-------+----------+-------------------------------------------
     0 | D:1      | tizbic2 the Ogre Artificer began the quest for the Orb.
     0 | D:1      | Reached XP level 1. HP: 19/19 MP: 1/1
    53 | D:1      | Found Jife's Weapon Boutique.
   462 | D:1      | Found a faded altar of an unknown god.
   477 | D:1      | Reached XP level 2. HP: 22/27 MP: 2/2
   691 | D:1      | Became a worshipper of Ashenzari the Shackled
  1499 | D:2      | Reached XP level 3. HP: 35/35 MP: 3/3
  1980 | D:2      | Reached skill level 1 in Staves
  2729 | D:2      | Reached XP level 4. HP: 27/42 MP: 4/4
  2969 | D:2      | Reached * piety under Ashenzari
  3280 | D:3      | Reached ** piety under Ashenzari
  3364 | D:3      | Reached XP level 5. HP: 34/50 MP: 5/5
  3392 | D:3      | Identified the cursed +1 robe "Manifest Mistrust" {Bglg,
                  | Evo}
  3704 | D:3      | Found Goutit's Armour Shoppe.
  4087 | D:3      | Found Kaxineal's Jewellery Emporium.
  4122 | D:4      | Found a burning altar of Makhleb.
  4254 | D:4      | Reached *** piety under Ashenzari
  5108 | D:5      | Entered Level 5 of the Dungeon
  5124 | D:5      | Noticed a necrophage
  5158 | D:5      | Killed a necrophage
  5159 | D:5      | Reached skill level 1 in Shields
  5159 | D:5      | Reached XP level 6. HP: 35/59 MP: 6/6
  6048 | D:5      | Reached XP level 7. HP: 48/66 MP: 7/7
  6072 | D:5      | Splashed by a jelly's acid

Illustrated notes

Levels and vault maps discovered:
D:1:      dpeg_arrival_chambers_temple_mockup, layout_basic, serial_shops,
          nicolae_shop_window_shopping, shapermc_ecumenical_altar_gd,
          hangedman_glass_teeth
D:2:      layout_basic, hex_intersection
D:3:      layout_rooms, serial_shops, shop, nicolae_lakefront_shop, st_stairs_5,
          minmay_pentomino_pile
D:4:      layout_rooms, bloody_makhleb
D:5:      layout_loops_corners

Skill      XL: |  1  2  3  4  5  6 |
---------------+-------------------+-----
Fighting       | 2 |  2.7
Staves         | 1 2 3 |  3.6
Dodging        | 3 |  3.3
Evocations     | 3 |  3.4
Shields        | 1 2 |  2.5
Maces & Flails | |  0.8
Stealth        | |  0.6
Necromancy     | |  0.9

Action                   |  1- 3 |  4- 6 |  7- 9 || total
-------------------------+-------+-------+-------++-------
Melee: Quarterstaff      |    60 |       |       ||    60
       Club              |    12 |       |       ||    12
       Staff             |    72 |   224 |    24 ||   320
Throw: Javelin           |     9 |     7 |       ||    16
       Stone             |       |    20 |       ||    20
       Dart              |       |     1 |       ||     1
       Boomerang         |       |     1 |       ||     1
Invok: Curse Item        |     1 |     3 |       ||     4
Evoke: Wand              |     2 |    18 |     1 ||    21
       Piece from Xom's  |       |     2 |       ||     2
  Use: Scroll            |     1 |       |       ||     1
       Potion            |       |     6 |       ||     6
 Stab: Sleeping          |       |     2 |       ||     2
       Paralysed         |       |       |     3 ||     3
Armor: Robe              |    67 |    50 |     2 ||   119
       Skin              |       |    47 |       ||    47
Dodge: Dodged            |    84 |    82 |     2 ||   168
Block: Tower shield      |       |    84 |    19 ||   103
